 Dungeon Crawl Stone Soup version 0.29.0-4-gdea44cf6ec (webtiles) character file.

Game seed: 14153113891135047555

6750 qw the Grappler (level 10, -5/96 HPs)
             Began as a Troll Cinder Acolyte on Aug 31, 2022.
             Was a Believer of Ignis.
             Slain by an orc warrior
             ... wielding a +0 trident
              (9 damage)
             ... on level 10 of the Dungeon.
             The game lasted 00:04:14 (8020 turns).

qw the Grappler (Troll Cinder Acolyte)              Turns: 8020, Time: 00:04:14

Health: -5/96      AC: 15    Str: 34    XL:     10   Next: 75%
Magic:  0/10       EV:  8    Int: 10    God:    Ignis [**....]
Gold:   600        SH:  8    Dex:  5    Spells: 11/11 levels left

rFire   + . .      SeeInvis .     - Unarmed
rCold   + . .      Faith    .   a - +0 kite shield
rNeg    . . .      Spirit   +   o - +2 robe {rC+}
rPois   .          Reflect  .   (helmet restricted)
rElec   .          Harm     .   f - +1 cloak {Will+}
rCorr   .          Rampage  .   (gloves unavailable)
Will    +....                   (boots unavailable)
Stlth   +.........              k - amulet of guardian spirit
HPRegen 1.06/turn               d - +6 ring of strength
MPRegen 0.12/turn               (no ring)

@: about to teleport, fiery-armoured
A: large, unfitting armour, claws 3, regeneration 1, shaggy fur 1, tough skin 1
a: Renounce Religion, Fiery Armour, Foxfire Swarm, Rising Flame


You were on level 10 of the Dungeon.
You worshipped Ignis.
Ignis was pleased with you.
You visited 1 branch of the dungeon, and saw 10 of its levels.

You collected 600 gold pieces.


Innate Abilities, Weirdness & Mutations

You are too large for most types of armour.
You have claws for hands.
Your natural rate of healing is unusually fast.
You are covered in fur. (AC +1)
You have tough skin. (AC +1)


   Skills:
 - Level 5.2 Fighting
 - Level 3.0 Throwing
 - Level 1.0 Armour
 - Level 1.1 Dodging
 + Level 7.0 Shields
 - Level 13.0 Unarmed Combat
 - Level 1.0 Spellcasting
 - Level 2.1 Fire Magic


You had 11 spell levels left.
You didn't know any spells.
Your spell library contained the following spells:

 Spells                   Type           Power      Damage    Failure   Level
 Scorch                   Fire           8%         2d5       41%         2

Inventory:

Missiles
 e - 4 boomerangs
 m - 7 javelins (quivered)
Armour
 a - a +0 kite shield (worn)
 f - a +1 cloak of willpower (worn)
 g - +0 steam dragon scales
 o - a +2 robe of cold resistance (worn)
Jewellery
 d - a +6 ring of strength (left claw)
 k - an amulet of guardian spirit (around neck)
Scrolls
 h - 2 scrolls of identify
 l - 6 scrolls of teleportation
 n - 2 scrolls of enchant weapon
Potions
 b - 6 potions of curing
 c - a potion of might
 i - a potion of haste
 j - 4 potions of heal wounds

Dungeon Overview and Level Annotations

Branches:
Dungeon (10/15)            Temple (0/1) D:5
   Lair: D:8-11         Orc: D:9-12

Altars:
Hepliaklqana
Nemelex Xobeh
Ru
Trog
Uskayaw
Xom

Annotations:
D:7 3 runed translucent doors, qw's ghost, novice TrCA
D:8 2 transporters, qw's ghost, novice TeWr


Message History

Snorg is almost dead.
Snorg bites you!
Snorg is burned by your cloak of flames.
Snorg is almost dead.
Snorg claws you but does no damage.
Snorg is burned by your cloak of flames.
You kill Snorg!
The troll leather armour {Snorg} is intact enough to wear.
A two-headed ogre comes into view.
It is wielding two +0 giant spiked clubs.
You block the orc warrior's attack.
Your Shields skill increases to level 6!
8016 ||| READING 7 scrolls of teleportation.
As you read the scroll of teleportation, it crumbles to dust.
You feel strangely unstable. The wyvern bites you!
The wyvern is burned by your cloak of flames.
The wyvern is lightly wounded.
8017 ||| DRINKING 5 potions of heal wounds.
You feel much better.
The wyvern bites you but does no damage.
The wyvern is burned by your cloak of flames.
The wyvern is moderately wounded.
You claw the wyvern!
The wyvern is severely wounded.
The wyvern bites you but does no damage.
The wyvern is burned by your cloak of flames.
The wyvern is severely wounded.
The wyvern completely misses you.
You claw the wyvern!
You kill the wyvern!
Your Shields skill increases to level 7!
You scratch the two-headed ogre but do no damage.
The two-headed ogre hits you with a +0 giant spiked club!
The two-headed ogre is burned by your cloak of flames.
The two-headed ogre is lightly wounded.
The two-headed ogre hits you with a +0 giant spiked club!!
The two-headed ogre is burned by your cloak of flames.
The two-headed ogre is lightly wounded.
The orc warrior hits you from afar with a +0 trident!
You die...

######...#########
#...........# ..
#...........# ...
#.##.###..###..#
########..###..##
#..........
#..........
#......(...
###@###..## #O#
..# #oo......
#........
#..##l... #..# o..
#..# .. ...# .
#..#


You could see a two-headed ogre, an orc warrior and an orc.

Vanquished Creatures
  Snorg (D:10)
  A hornet (D:7)
  A shadow (D:9)
  11 yaks
  A wyvern (D:10)
  3 steam dragons
  A water moccasin (D:9)
  3 orc warriors
  A sky beast (D:6)
  An ice beast (D:6)
  An ogre (D:6)
  2 black bears
  2 centaurs (D:9)
  A phantom (D:5)
  3 bullfrogs
  2 gnoll sergeants (D:8)
  2 kobold brigands
  7 scorpions
  6 wights
  2 howler monkeys
  4 crimson imps (D:3)
  5 hounds
  6 orc priests
  2 gnoll boudas
  An iguana (D:6)
  13 orc wizards
  19 gnolls
  8 adders
  A shadow imp (D:6)
  3 white imps
  10 worms
  6 dart slugs
  30 orcs
  16 ball pythons
  7 endoplasms
  3 giant cockroaches
  9 hobgoblins
  9 jackals
  6 kobolds
  6 quokkas
  4 bats
  3 frilled lizards
  8 goblins
  A rat (D:1)
232 creatures vanquished.

Vanquished Creatures (others)
  6 fungi
6 creatures vanquished.

Grand Total: 238 creatures vanquished

Notes
Turn   | Place    | Note
-------+----------+-------------------------------------------
     0 | D:1      | qw the Troll Cinder Acolyte began the quest for the Orb.
     0 | D:1      | Reached XP level 1. HP: 22/22 MP: 1/1
     0 | D:1      | 0 ||| qw: Version: 0.1-a-97-g2dd2ca4
     0 | D:1      | 0 ||| qw: Game counter: 4529
     0 | D:1      | 0 ||| qw: Always use a shield: true
     0 | D:1      | 0 ||| qw: God list: Okawaru
     0 | D:1      | 0 ||| qw: Allow faded altars: false
     0 | D:1      | 0 ||| qw: Do Orc after D:15 true
     0 | D:1      | 0 ||| qw: Do second Lair branch before Depths: true
     0 | D:1      | 0 ||| qw: Lair rune preference: random
     0 | D:1      | 0 ||| qw: Plans: Normal
     0 | D:1      | 0 ||| PLANNING D:1-11
   132 | D:1      | Reached XP level 2. HP: 29/29 MP: 2/2
   517 | D:1      | Reached skill level 4 in Unarmed Combat
   607 | D:1      | Reached XP level 3. HP: 36/36 MP: 3/3
   683 | D:1      | 683 ||| UPGRADING to +0 cloak.
   688 | D:1      | 688 ||| READING scroll labelled LYOCUD WOINI.
   689 | D:1      | 689 ||| READING scroll labelled MEOSEL ONA.
   690 | D:1      | 690 ||| READING scroll labelled KOSKIR RUMI.
   694 | D:1      | 694 ||| DRINKING 4 green potions.
   902 | D:2      | Identified the +7 spear of Laron {flame, rElec rF+ rC+}
  1118 | D:2      | You fall into a shaft and drop 1 floor!
  1131 | D:3      | Found a faded altar of an unknown god.
  1132 | D:3      | 1132 ||| Stepping ~*~*~tactically~*~*~ (stealth).
  1139 | D:3      | 1139 ||| Stepping ~*~*~tactically~*~*~ (outnumbered).
  1191 | D:3      | Reached skill level 5 in Unarmed Combat
  1191 | D:3      | Reached XP level 4. HP: 44/44 MP: 4/4
  1194 | D:3      | 1194 ||| UPGRADING to +6 ring of strength.
  1195 | D:3      | 1195 ||| READING scroll labelled TISULILARCHU.
  1195 | D:3      | Identified a scroll of acquirement
  1195 | D:3      | 1195 ||| ACQUIRING +1 cloak of willpower
  1195 | D:3      | Acquired a +1 cloak of willpower
  1197 | D:3      | 1197 ||| UPGRADING to +1 cloak of willpower.
  1207 | D:3      | 1207 ||| DROPPING +0 cloak.
  1208 | D:3      | 1208 ||| READING scroll labelled YSAILISTEZ.
  1209 | D:3      | 1209 ||| DRINKING 2 murky coppery potions.
  1314 | D:3      | 1314 ||| DRINKING 3 glowing dark potions.
  1352 | D:3      | 1352 ||| DROPPING potion of berserk rage.
  1353 | D:3      | 1353 ||| DROPPING 2 potions of lignification.
  1420 | D:2      | 1420 ||| Stepping ~*~*~tactically~*~*~ (stealth).
  1574 | D:3      | 1574 ||| Stepping ~*~*~tactically~*~*~ (outnumbered).
  1596 | D:3      | 1596 ||| Stepping ~*~*~tactically~*~*~ (stealth).
  1629 | D:3      | Found a shimmering altar of Xom.
  1646 | D:3      | Reached skill level 6 in Unarmed Combat
  1646 | D:3      | Reached XP level 5. HP: 50/50 MP: 5/5
  1703 | D:3      | Found a sparkling altar of Nemelex Xobeh.
  1993 | D:3      | 1993 ||| Stepping ~*~*~tactically~*~*~ (outnumbered).
  1997 | D:3      | Reached XP level 6. HP: 53/59 MP: 6/6
  1997 | D:3      | 1997 ||| Stepping ~*~*~tactically~*~*~ (outnumbered).
  2044 | D:3      | 2044 ||| Stepping ~*~*~tactically~*~*~ (hiding).
  2049 | D:3      | 2049 ||| Stepping ~*~*~tactically~*~*~ (hiding).
  2084 | D:3      | 2084 ||| Stepping ~*~*~tactically~*~*~ (stealth).
  2167 | D:3      | 2167 ||| Stepping ~*~*~tactically~*~*~ (stealth).
  2169 | D:3      | 2169 ||| Stepping ~*~*~tactically~*~*~ (hiding).
  2181 | D:3      | Reached skill level 1 in Throwing
  2203 | D:3      | 2203 ||| Stepping ~*~*~tactically~*~*~ (stealth).
  2258 | D:3      | Reached skill level 7 in Unarmed Combat
  2395 | D:3      | 2395 ||| UPGRADING to amulet of guardian spirit.
  2400 | D:3      | 2400 ||| READING scroll labelled LOUROCAPUJ.
  2401 | D:3      | 2401 ||| READING scroll labelled QOIGEYKHLUXTE.
  2402 | D:3      | 2402 ||| READING scroll labelled REBARAULAJ.
  2403 | D:3      | 2403 ||| DRINKING 2 white potions.
  2404 | D:3      | 2404 ||| DROPPING potion of degeneration.
  2443 | D:4      | 2443 ||| STAIRDANCE
  2475 | D:4      | 2475 ||| Stepping ~*~*~tactically~*~*~ (stealth).
  2476 | D:4      | 2476 ||| Stepping ~*~*~tactically~*~*~ (stealth).
  2477 | D:4      | 2477 ||| Stepping ~*~*~tactically~*~*~ (stealth).
  2480 | D:4      | 2480 ||| Stepping ~*~*~tactically~*~*~ (stealth).
  2543 | D:4      | 2543 ||| Stepping ~*~*~tactically~*~*~ (stealth).
  2544 | D:4      | 2544 ||| Stepping ~*~*~tactically~*~*~ (stealth).
  2575 | D:4      | 2575 ||| Stepping ~*~*~tactically~*~*~ (stealth).
  2578 | D:4      | 2578 ||| Stepping ~*~*~tactically~*~*~ (stealth).
  2582 | D:4      | 2582 ||| Stepping ~*~*~tactically~*~*~ (hiding).
  2588 | D:4      | 2588 ||| Stepping ~*~*~tactically~*~*~ (outnumbered).
  2589 | D:4      | 2589 ||| Stepping ~*~*~tactically~*~*~ (outnumbered).
  2590 | D:4      | 2590 ||| Stepping ~*~*~tactically~*~*~ (outnumbered).
  2777 | D:4      | 2777 ||| Stepping ~*~*~tactically~*~*~ (stealth).
  2780 | D:4      | 2780 ||| Stepping ~*~*~tactically~*~*~ (stealth).
  2791 | D:4      | 2791 ||| Stepping ~*~*~tactically~*~*~ (outnumbered).
  2793 | D:4      | 2793 ||| Stepping ~*~*~tactically~*~*~ (outnumbered).
  2794 | D:4      | 2794 ||| Stepping ~*~*~tactically~*~*~ (outnumbered).
  2829 | D:4      | 2829 ||| Stepping ~*~*~tactically~*~*~ (stealth).
  2830 | D:4      | 2830 ||| Stepping ~*~*~tactically~*~*~ (stealth).
  3065 | D:4      | 3065 ||| READING scroll labelled ONEOGIZXAG.
  3066 | D:4      | 3066 ||| READING scroll labelled LEINOESMIBB.
  3082 | D:5      | Entered Level 5 of the Dungeon
  3116 | D:5      | Reached skill level 8 in Unarmed Combat
  3116 | D:5      | Reached XP level 7. HP: 59/66 MP: 7/7
  3217 | D:5      | Found a hide-covered altar of Uskayaw.
  3530 | D:5      | Found a staircase to the Ecumenical Temple.
  3614 | D:5      | Reached skill level 3 in Fighting
  3932 | D:5      | 3932 ||| READING scroll labelled VIGUMOSIBOTH.
  3933 | D:5      | 3933 ||| DRINKING 2 black potions.
  3934 | D:5      | 3934 ||| READING 2 scrolls of identify.
  3934 | D:5      | 3934 ||| IDENTIFYING bubbling white potion
  3935 | D:5      | 3935 ||| DROPPING potion of invisibility.
  3987 | D:6      | Reached skill level 9 in Unarmed Combat
  4008 | D:6      | Reached skill level 1 in Dodging
  4022 | D:6      | Reached XP level 8. HP: 75/75 MP: 8/8
  4107 | D:6      | 4107 ||| Stepping ~*~*~tactically~*~*~ (stealth).
  4142 | D:6      | Reached skill level 10 in Unarmed Combat
  4175 | D:6      | Found a hazy altar of Hepliaklqana.
  4244 | D:6      | 4244 ||| Stepping ~*~*~tactically~*~*~ (hiding).
  4245 | D:6      | 4245 ||| Stepping ~*~*~tactically~*~*~ (hiding).
  4246 | D:6      | 4246 ||| Stepping ~*~*~tactically~*~*~ (hiding).
  4257 | D:6      | 4257 ||| Stepping ~*~*~tactically~*~*~ (stealth).
  4258 | D:6      | 4258 ||| Stepping ~*~*~tactically~*~*~ (stealth).
  4259 | D:6      | 4259 ||| Stepping ~*~*~tactically~*~*~ (stealth).
  4261 | D:6      | 4261 ||| Stepping ~*~*~tactically~*~*~ (stealth).
  4269 | D:6      | 4269 ||| INVOKING Fiery Armour.
  4384 | D:6      | 4384 ||| Stepping ~*~*~tactically~*~*~ (hiding).
  4730 | D:6      | 4730 ||| READING scroll labelled WIUVOMIA ELLU.
  4731 | D:6      | 4731 ||| DRINKING 2 brown potions.
  4758 | D:7      | 4758 ||| STAIRDANCE
  4794 | D:7      | 4794 ||| STAIRDANCE
  4796 | D:6      | 4796 ||| INVOKING Fiery Armour.
  4797 | D:6      | 4797 ||| Stepping ~*~*~tactically~*~*~ (outnumbered).
  4798 | D:6      | 4798 ||| Stepping ~*~*~tactically~*~*~ (outnumbered).
  4799 | D:6      | 4799 ||| Stepping ~*~*~tactically~*~*~ (outnumbered).
  4800 | D:6      | 4800 ||| Stepping ~*~*~tactically~*~*~ (outnumbered).
  4801 | D:6      | 4801 ||| Stepping ~*~*~tactically~*~*~ (outnumbered).
  4802 | D:6      | 4802 ||| Stepping ~*~*~tactically~*~*~ (outnumbered).
  4806 | D:6      | 4806 ||| Stepping ~*~*~tactically~*~*~ (outnumbered).
  4808 | D:6      | Reached skill level 11 in Unarmed Combat
  4808 | D:6      | Reached XP level 9. HP: 32/84 MP: 4/9
  4867 | D:7      | 4867 ||| Stepping ~*~*~tactically~*~*~ (outnumbered).
  5073 | D:7      | Found a sacrificial altar of Ru.
  5175 | D:7      | 5175 ||| Stepping ~*~*~tactically~*~*~ (stealth).
  5179 | D:7      | 5179 ||| Stepping ~*~*~tactically~*~*~ (stealth).
  5182 | D:7      | 5182 ||| Stepping ~*~*~tactically~*~*~ (hiding).
  5264 | D:7      | 5264 ||| Stepping ~*~*~tactically~*~*~ (stealth).
  5274 | D:7      | 5274 ||| Stepping ~*~*~tactically~*~*~ (stealth).
  5276 | D:7      | 5276 ||| Stepping ~*~*~tactically~*~*~ (hiding).
  5335 | D:7      | 5335 ||| Stepping ~*~*~tactically~*~*~ (outnumbered).
  5339 | D:7      | 5339 ||| INVOKING Fiery Armour.
  5341 | D:7      | Reached skill level 3 in Throwing
  5343 | D:7      | 5343 ||| Stepping ~*~*~tactically~*~*~ (outnumbered).
  5344 | D:7      | 5344 ||| Stepping ~*~*~tactically~*~*~ (outnumbered).
  5418 | D:7      | 5418 ||| Stepping ~*~*~tactically~*~*~ (stealth).
  5420 | D:7      | 5420 ||| Stepping ~*~*~tactically~*~*~ (stealth).
  5421 | D:7      | 5421 ||| Stepping ~*~*~tactically~*~*~ (stealth).
  5424 | D:7      | 5424 ||| Stepping ~*~*~tactically~*~*~ (hiding).
  5429 | D:7      | 5429 ||| Stepping ~*~*~tactically~*~*~ (outnumbered).
  5431 | D:7      | 5431 ||| Stepping ~*~*~tactically~*~*~ (outnumbered).
  5439 | D:7      | Reached skill level 12 in Unarmed Combat
  5447 | D:7      | 5447 ||| INVOKING Fiery Armour.
  5464 | D:7      | 5464 ||| Stepping ~*~*~tactically~*~*~ (hiding).
  5676 | D:7      | Found a runed translucent gate.
  5677 | D:7      | Found a runed translucent gate.
  5678 | D:7      | Found a runed translucent gate.
  5680 | D:7      | Noticed qw's ghost (novice TrCA)
  6098 | D:7      | 6098 ||| UPGRADING to +2 robe of cold resistance.
  6108 | D:7      | 6108 ||| DROPPING +0 robe.
  6109 | D:7      | 6109 ||| READING 4 scrolls of identify.
  6109 | D:7      | 6109 ||| IDENTIFYING glowing blue potion
  6110 | D:7      | 6110 ||| READING 3 scrolls of identify.
  6110 | D:7      | 6110 ||| IDENTIFYING glowing orange potion
  6111 | D:7      | 6111 ||| DROPPING potion of ambrosia.
  6112 | D:7      | 6112 ||| DROPPING potion of attraction.
  6175 | D:8      | 6175 ||| INVOKING Fiery Armour.
  6211 | D:8      | Found a transporter.
  6215 | D:8      | Noticed qw's ghost (novice TeWr)
  6216 | D:8      | Noticed a troll
  6234 | D:8      | Found a transporter.
  6275 | D:8      | 6275 ||| Stepping ~*~*~tactically~*~*~ (hiding).
  6358 | D:8      | 6358 ||| Stepping ~*~*~tactically~*~*~ (stealth).
  6362 | D:8      | 6362 ||| Stepping ~*~*~tactically~*~*~ (stealth).
  6388 | D:8      | 6388 ||| Stepping ~*~*~tactically~*~*~ (hiding).
  6389 | D:8      | 6389 ||| Stepping ~*~*~tactically~*~*~ (hiding).
  6534 | D:8      | Found a bloodstained altar of Trog.
  6641 | D:8      | 6641 ||| Stepping ~*~*~tactically~*~*~ (hiding).
  6659 | D:8      | 6659 ||| INVOKING Fiery Armour.
  6660 | D:8      | 6660 ||| Stepping ~*~*~tactically~*~*~ (outnumbered).
  6664 | D:8      | 6664 ||| Stepping ~*~*~tactically~*~*~ (stealth).
  6665 | D:8      | Reached XP level 10. HP: 53/94 MP: 3/10
  6669 | D:8      | Reached skill level 13 in Unarmed Combat
  6966 | D:8      | 6966 ||| Stepping ~*~*~tactically~*~*~ (hiding).
  6969 | D:8      | 6969 ||| Stepping ~*~*~tactically~*~*~ (outnumbered).
  6972 | D:8      | 6972 ||| Stepping ~*~*~tactically~*~*~ (outnumbered).
  6973 | D:8      | 6973 ||| Stepping ~*~*~tactically~*~*~ (outnumbered).
  6983 | D:8      | Reached skill level 1 in Armour
  6992 | D:8      | 6992 ||| READING scroll labelled YKAHEO HEPPU.
  7052 | D:9      | 7052 ||| STAIRDANCE
  7084 | D:8      | 7084 ||| UPGRADING to +0 kite shield.
  7101 | D:9      | 7101 ||| STAIRDANCE
  7165 | D:9      | Reached skill level 1 in Shields
  7327 | D:9      | 7327 ||| Stepping ~*~*~tactically~*~*~ (stealth).
  7389 | D:9      | 7389 ||| INVOKING Fiery Armour.
  7390 | D:9      | 7390 ||| Stepping ~*~*~tactically~*~*~ (outnumbered).
  7391 | D:9      | 7391 ||| Stepping ~*~*~tactically~*~*~ (hiding).
  7393 | D:9      | 7393 ||| Stepping ~*~*~tactically~*~*~ (hiding).
  7394 | D:9      | 7394 ||| Stepping ~*~*~tactically~*~*~ (hiding).
  7396 | D:9      | Reached skill level 3 in Shields
  7396 | D:9      | 7396 ||| Stepping ~*~*~tactically~*~*~ (hiding).
  7397 | D:9      | 7397 ||| Stepping ~*~*~tactically~*~*~ (hiding).
  7399 | D:9      | 7399 ||| Stepping ~*~*~tactically~*~*~ (outnumbered).
  7400 | D:9      | 7400 ||| Stepping ~*~*~tactically~*~*~ (hiding).
  7401 | D:9      | 7401 ||| Stepping ~*~*~tactically~*~*~ (outnumbered).
  7402 | D:9      | 7402 ||| Stepping ~*~*~tactically~*~*~ (outnumbered).
  7403 | D:9      | 7403 ||| Stepping ~*~*~tactically~*~*~ (outnumbered).
  7404 | D:9      | 7404 ||| Stepping ~*~*~tactically~*~*~ (outnumbered).
  7406 | D:9      | 7406 ||| Stepping ~*~*~tactically~*~*~ (outnumbered).
  7407 | D:9      | 7407 ||| Stepping ~*~*~tactically~*~*~ (hiding).
  7408 | D:9      | 7408 ||| Stepping ~*~*~tactically~*~*~ (outnumbered).
  7409 | D:9      | 7409 ||| Stepping ~*~*~tactically~*~*~ (outnumbered).
  7412 | D:9      | 7412 ||| Stepping ~*~*~tactically~*~*~ (outnumbered).
  7413 | D:9      | 7413 ||| Stepping ~*~*~tactically~*~*~ (outnumbered).
  7416 | D:9      | 7416 ||| Stepping ~*~*~tactically~*~*~ (outnumbered).
  7417 | D:9      | 7417 ||| Stepping ~*~*~tactically~*~*~ (outnumbered).
  7418 | D:9      | 7418 ||| Stepping ~*~*~tactically~*~*~ (outnumbered).
  7422 | D:9      | 7422 ||| Stepping ~*~*~tactically~*~*~ (outnumbered).
  7424 | D:9      | 7424 ||| Stepping ~*~*~tactically~*~*~ (outnumbered).
  7451 | D:9      | 7451 ||| Stepping ~*~*~tactically~*~*~ (stealth).
  7547 | D:9      | 7547 ||| Stepping ~*~*~tactically~*~*~ (stealth).
  7927 | D:9      | 7927 ||| DRINKING 2 viscous coppery potions.
  7928 | D:9      | 7928 ||| READING 3 scrolls of identify.
  7928 | D:9      | 7928 ||| IDENTIFYING blue potion
  7929 | D:9      | 7929 ||| DROPPING potion of brilliance.
  7964 | D:10     | Entered Level 10 of the Dungeon
  8003 | D:10     | Noticed Snorg
  8004 | D:10     | 8004 ||| INVOKING Fiery Armour.
  8007 | D:10     | 8007 ||| Stepping ~*~*~tactically~*~*~ (hiding).
  8015 | D:10     | HP: 18/96 [Snorg (13)]
  8015 | D:10     | Killed Snorg
  8015 | D:10     | Noticed a two-headed ogre
  8016 | D:10     | Reached skill level 6 in Shields
  8016 | D:10     | 8016 ||| READING 7 scrolls of teleportation.
  8017 | D:10     | 8017 ||| DRINKING 5 potions of heal wounds.
  8020 | D:10     | HP: 4/96 [two-headed ogre/+0 giant spiked club (23)]
  8020 | D:10     | Slain by an orc warrior

Levels and vault maps discovered:
D:1:      nzn_arrival_crosshair, layout_loops_ring, minivault_26
D:2:      layout_basic
D:3:      minmay_evil_eye, layout_basic, mainiacjoe_overflow_alcove_1,
          led_xom_imps, nicolae_ecumenical_snake_handling
D:4:      layout_cave_pools, nicolae_wormholes
D:5:      layout_loops_corners, nicolae_overflow_crystal_walls,
          minmay_temple_entry_statues_fountains
D:6:      layout_basic, marbit_many_paths, dreamdust_gnoll_farm
D:7:      layout_basic, nicolae_ru_path_of_blood, ebering_ghost_rock_garden,
          dreamdust_mushroom_princess, minmay_misc_feat_columns,
          minmay_statues_item, minmay_fountain_box
D:8:      hellmonk_ruined_rings, layout_basic, mainiacjoe_overflow_boulevard,
          gammafunk_ghost_arena
D:9:      layout_basic, enter_bailey_3, st_stairs_10
D:10:     layout_gridville, mainiacjoe_overflow_catwalk, david_orc_3,
          hangedman_feature_mirror, uniq_snorg

Skill      XL: |  1  2  3  4  5  6  7  8  9 10 |
---------------+-------------------------------+-----
Unarmed Combat | 4 5 6 8 9 11 12 13 | 13.0
Throwing       | 1 2 3 |  3.0
Fighting       | 3 4 5 |  5.2
Dodging        | 1 |  1.1
Armour         | 1 |  1.0
Shields        | 7 |  7.0
Spellcasting   | |  1.0
Fire Magic     | |  2.1

Action                   |  1- 3 |  4- 6 |  7- 9 | 10-12 || total
-------------------------+-------+-------+-------+-------++-------
Melee: Unarmed           |    89 |   131 |   193 |   113 ||   526
       Punch             |       |     4 |     6 |     1 ||    11
Throw: Javelin           |       |    34 |    46 |    12 ||    92
       Boomerang         |       |     8 |    23 |       ||    31
Invok: Fiery Armour      |       |       |     6 |     2 ||     8
  Use: Scroll            |     3 |     7 |     5 |     3 ||    18
       Potion            |     1 |     3 |     2 |     2 ||     8
Armor: Robe              |    23 |    33 |    64 |    48 ||   168
Dodge: Dodged            |    36 |    32 |    82 |    37 ||   187
Block: Kite shield       |       |       |       |    27 ||    27

Table legend:
 A = Non-vault XP
 B = Vault XP
 C = Vault XP percentage of total XP
 D = Non-vault monster count
 E = Vault monster count
 F = Vault count percentage of total count
                 A         B        C        D         E       F
            +---------+---------+-------+---------+---------+-------
      Total |    7873 |    1770 |  18.4 |     195 |      37 |  15.9
            +---------+---------+-------+---------+---------+-------
        D:1 |      41 |       0 |   0.0 |      24 |       0 |   0.0
        D:2 |      61 |       0 |   0.0 |      12 |       0 |   0.0
        D:3 |     186 |     244 |  56.7 |      22 |      15 |  40.5
        D:4 |     151 |      24 |  13.7 |      24 |       5 |  17.2
        D:5 |     466 |       0 |   0.0 |       8 |       0 |   0.0
        D:6 |    1606 |     226 |  12.3 |      15 |       8 |  34.8
        D:7 |    1622 |       5 |   0.3 |      36 |       1 |   2.7
        D:8 |    1304 |       0 |   0.0 |      34 |       0 |   0.0
        D:9 |    2235 |     360 |  13.9 |      19 |       7 |  26.9
       D:10 |     201 |     911 |  81.9 |       1 |       1 |  50.0
            +---------+---------+-------+---------+---------+-------
